General information
- name: BNet
- type: Ladder team game (AT/RT)
- host: Battle.net
- saver: MinAedelige
map: Deathknell
- players: 8
- length: 13:49
- speed: Fast
- version: 1.26 W3XP
- replay type: Public
» download(123 KB)
Players
team 1 (loser)
TheBestAtLosing (
orange | 69 APM | 949 actions | 13:45)
2 Dark Ranger
1 Black Arrow
1 Silence
» actions
| Assign group hotkey | 27 | |
| Build / train | 38 | |
| Enter build submenu | 14 | |
| Enter hero's abilities submenu | 2 | |
| Right click | 149 | |
| Select / deselect | 177 | |
| Select group hotkey | 516 | |
| Use ability | 26 | |
949 total
» units
| Wisp | 15 | |
| Archer | 12 | |
| Druid of the Talon | 2 | |
29 total
» upgrades
| Strength of the Moon | 1 | |
| Moon Armor | 1 | |
| Improved Bows | 1 | |
| Druid of the Talon Training | 1 | |
4 total
» buildings
| Ancient of War | 2 | |
| Moon Well | 4 | |
| Altar of Elders | 1 | |
| Hunter's Hall | 1 | |
| Ancient of Wonders | 1 | |
| Ancient Protector | 3 | |
| Tree of Ages | 1 | |
| Ancient of Wind | 2 | |
| Tree of Eternity | 1 | |
16 total
» build order
00:09 Ancient of War
00:12 Moon Well
00:54 Altar of Elders
01:40 Moon Well
02:30 Ancient of War
02:44 Moon Well
04:50 Hunter's Hall
05:11 Ancient of Wonders
05:53 Ancient Protector
06:00 Ancient Protector
06:15 Moon Well
06:19 Ancient Protector
07:24 Tree of Ages
10:24 Ancient of Wind
10:28 Ancient of Wind
13:20 Tree of Eternity
J0IN-CLAN-S4S (
pink | 46 APM | 641 actions | 13:48)
3 Blademaster
2 Wind Walk
1 Critical Strike
1 Shadow Hunter
1 Hex
» actions
| Assign group hotkey | 29 | |
| Basic commands | 1 | |
| Build / train | 38 | |
| Enter build submenu | 15 | |
| Enter hero's abilities submenu | 4 | |
| Remove unit from queue | 1 | |
| Right click | 236 | |
| Select / deselect | 87 | |
| Select group hotkey | 189 | |
| Use ability | 41 | |
641 total
» units
» upgrades
| Ranged Weapons | 2 | |
| Armor | 1 | |
| Reinforced Defenses | 1 | |
4 total
» buildings
| Altar of Storms | 1 | |
| Orc Burrow | 4 | |
| Barracks | 1 | |
| Voodoo Lounge | 1 | |
| Stronghold | 2 | |
| War Mill | 1 | |
| Beastiary | 3 | |
| Great Hall | 1 | |
| Fortress | 2 | |
| Scout Tower | 3 | |
| Arcane Tower | 1 | |
| Watch Tower | 4 | |
24 total
» build order
00:18 Altar of Storms
00:22 Orc Burrow
00:38 Barracks
01:55 Orc Burrow
02:21 Voodoo Lounge
02:45 Stronghold
02:45 Stronghold
03:34 War Mill
04:20 Orc Burrow
05:38 Beastiary
05:47 Beastiary
06:14 Beastiary
06:37 Orc Burrow
07:48 Great Hall
09:56 Fortress
10:33 Scout Tower
10:33 Scout Tower
10:34 Scout Tower
11:10 Arcane Tower
11:18 Watch Tower
11:18 Watch Tower
12:10 Watch Tower
12:11 Watch Tower
» items

»
SETTLERS_3 (
teal | 125 APM | 1687 actions | 13:27)
3 Firelord
1 Summon Lava Spawn
2 Soul Burn
» actions
| Assign group hotkey | 156 | |
| Basic commands | 118 | |
| Build / train | 63 | |
| ESC pressed | 10 | |
| Enter build submenu | 31 | |
| Enter hero's abilities submenu | 3 | |
| Right click | 577 | |
| Select / deselect | 356 | |
| Select group hotkey | 291 | |
| Use ability | 81 | |
1687 total
» units
» upgrades
| Masonry | 2 | |
| Lumber Harvesting | 1 | |
| Defend | 1 | |
4 total
» buildings
| Barracks | 3 | |
| Farm | 16 | |
| Altar of Kings | 1 | |
| Lumber Mill | 2 | |
| Arcane Vault | 2 | |
| Town Hall | 2 | |
| Scout Tower | 8 | |
| Guard Tower | 7 | |
| Keep | 2 | |
| Blacksmith | 1 | |
44 total
» build order
00:24 Barracks
00:34 Farm
01:02 Farm
01:12 Altar of Kings
01:46 Lumber Mill
02:35 Farm
02:51 Farm
04:33 Farm
04:35 Farm
04:43 Farm
05:19 Arcane Vault
05:48 Town Hall
05:51 Scout Tower
05:52 Scout Tower
05:53 Scout Tower
06:13 Farm
06:14 Farm
06:15 Farm
06:15 Farm
06:53 Guard Tower
08:02 Lumber Mill
08:06 Keep
08:06 Keep
09:01 Barracks
09:02 Farm
09:11 Arcane Vault
09:13 Barracks
09:20 Blacksmith
11:32 Scout Tower
11:33 Scout Tower
11:33 Scout Tower
11:34 Scout Tower
11:35 Scout Tower
11:37 Town Hall
12:04 Farm
12:05 Farm
12:07 Farm
12:08 Farm
12:10 Guard Tower
12:11 Guard Tower
12:12 Guard Tower
» items
| Scroll of Regeneration | 3 | |
| Lesser Clarity Potion | 3 | |
6 total
dubsac (
red | 46 APM | 374 actions | 08:06)
1 Paladin
1 Holy Light
» actions
| Basic commands | 4 | |
| Build / train | 30 | |
| Enter build submenu | 10 | |
| Enter hero's abilities submenu | 1 | |
| Remove unit from queue | 1 | |
| Right click | 187 | |
| Select / deselect | 116 | |
| Use ability | 25 | |
374 total
» units
» upgrades
» buildings
| Altar of Kings | 1 | |
| Farm | 3 | |
| Barracks | 1 | |
| Arcane Vault | 1 | |
| Scout Tower | 1 | |
7 total
» build order
00:21 Altar of Kings
00:33 Farm
00:42 Barracks
01:16 Farm
02:02 Arcane Vault
02:49 Farm
07:41 Scout Tower
» items
team 2 (winner)

»
sarahLOL (
green | 51 APM | 710 actions | 13:48)
4 Archmage
2 Summon Water Elemental
2 Brilliance Aura
» actions
| Assign group hotkey | 10 | |
| Basic commands | 25 | |
| Build / train | 32 | |
| Enter build submenu | 19 | |
| Enter hero's abilities submenu | 4 | |
| Right click | 349 | |
| Select / deselect | 126 | |
| Select group hotkey | 99 | |
| Use ability | 46 | |
710 total
» units
» upgrades
| Long Rifles | 1 | |
| Gunpowder | 2 | |
| Armor | 1 | |
4 total
» buildings
| Altar of Kings | 1 | |
| Farm | 8 | |
| Scout Tower | 1 | |
| Arcane Tower | 1 | |
| Blacksmith | 1 | |
| Barracks | 2 | |
| Keep | 1 | |
| Arcane Vault | 1 | |
| Town Hall | 1 | |
| Castle | 1 | |
| Workshop | 2 | |
| Lumber Mill | 1 | |
21 total
» build order
00:09 Altar of Kings
00:14 Farm
00:53 Farm
01:14 Scout Tower
01:43 Arcane Tower
01:55 Blacksmith
02:26 Barracks
03:15 Farm
03:22 Keep
03:36 Barracks
03:57 Farm
04:43 Farm
04:45 Farm
05:14 Arcane Vault
05:36 Farm
10:03 Town Hall
10:33 Castle
11:05 Workshop
11:12 Lumber Mill
12:13 Workshop
12:22 Farm
MinAedelige (
purple | 109 APM | 1502 actions | 13:49)
4 Archmage
2 Summon Water Elemental
2 Brilliance Aura
» actions
| Assign group hotkey | 47 | |
| Basic commands | 13 | |
| Build / train | 107 | |
| ESC pressed | 3 | |
| Enter build submenu | 40 | |
| Enter hero's abilities submenu | 4 | |
| Give item / drop item | 2 | |
| Right click | 563 | |
| Select / deselect | 260 | |
| Select group hotkey | 363 | |
| Use ability | 100 | |
1502 total
» units
| Peasant | 25 | |
| Footman | 11 | |
| Goblin Shredder | 2 | |
| Goblin Zeppelin | 1 | |
39 total
» upgrades
| Defend | 1 | |
| Masonry | 3 | |
| Swords | 3 | |
| Lumber Harvesting | 2 | |
| Armor | 2 | |
| Animal War Training | 1 | |
| Storm Hammers | 1 | |
| Cloud | 1 | |
14 total
» buildings
| Altar of Kings | 1 | |
| Barracks | 1 | |
| Farm | 8 | |
| Arcane Vault | 1 | |
| Town Hall | 2 | |
| Scout Tower | 17 | |
| Arcane Tower | 3 | |
| Lumber Mill | 1 | |
| Keep | 4 | |
| Blacksmith | 1 | |
| Guard Tower | 19 | |
| Castle | 3 | |
| Gryphon Aviary | 6 | |
67 total
» build order
00:05 Altar of Kings
00:08 Barracks
00:11 Farm
00:47 Farm
01:53 Farm
03:07 Arcane Vault
03:24 Town Hall
03:47 Farm
04:39 Scout Tower
04:43 Scout Tower
05:14 Arcane Tower
05:15 Arcane Tower
05:15 Arcane Tower
05:44 Farm
06:17 Farm
06:28 Farm
06:31 Lumber Mill
06:41 Keep
06:41 Keep
06:42 Keep
07:47 Blacksmith
07:50 Scout Tower
08:40 Town Hall
08:52 Guard Tower
08:53 Guard Tower
08:59 Scout Tower
09:01 Scout Tower
09:03 Scout Tower
09:05 Scout Tower
09:26 Scout Tower
09:28 Scout Tower
09:31 Guard Tower
09:31 Guard Tower
09:32 Guard Tower
09:32 Guard Tower
09:34 Guard Tower
09:34 Guard Tower
09:35 Guard Tower
09:36 Castle
09:36 Castle
09:58 Guard Tower
10:34 Scout Tower
10:35 Scout Tower
10:35 Scout Tower
10:37 Scout Tower
10:38 Scout Tower
10:40 Scout Tower
10:42 Scout Tower
11:10 Guard Tower
11:10 Guard Tower
11:30 Guard Tower
11:44 Gryphon Aviary
11:47 Gryphon Aviary
11:50 Gryphon Aviary
11:53 Gryphon Aviary
12:46 Gryphon Aviary
13:29 Farm
13:45 Gryphon Aviary
13:47 Scout Tower
» items

»
RoyaleWithCheez (
yellow | 47 APM | 648 actions | 13:48)
4 Demon Hunter
2 Mana Burn
2 Evasion
» actions
| Assign group hotkey | 23 | |
| Basic commands | 22 | |
| Build / train | 42 | |
| ESC pressed | 1 | |
| Enter build submenu | 20 | |
| Enter hero's abilities submenu | 4 | |
| Right click | 246 | |
| Select / deselect | 140 | |
| Select group hotkey | 126 | |
| Use ability | 24 | |
648 total
» units
| Wisp | 16 | |
| Archer | 8 | |
| Huntress | 1 | |
| Dryad | 3 | |
| Druid of the Talon | 1 | |
29 total
» upgrades
| Abolish Magic | 1 | |
| Druid of the Talon Training | 1 | |
| Ultravision | 1 | |
| Reinforced Hides | 1 | |
4 total
» buildings
| Altar of Elders | 1 | |
| Ancient of War | 1 | |
| Moon Well | 7 | |
| Ancient of Wonders | 1 | |
| Tree of Ages | 1 | |
| Hunter's Hall | 1 | |
| Ancient of Lore | 2 | |
| Ancient of Wind | 1 | |
| Tree of Life | 1 | |
16 total
» build order
00:08 Altar of Elders
00:15 Ancient of War
00:26 Moon Well
01:49 Moon Well
01:53 Moon Well
02:06 Moon Well
02:42 Moon Well
02:50 Ancient of Wonders
02:56 Moon Well
04:41 Tree of Ages
04:44 Moon Well
05:27 Hunter's Hall
07:32 Ancient of Lore
07:38 Ancient of Lore
11:19 Ancient of Wind
13:22 Tree of Life
» items
| Scroll of Town Portal | 1 | |
| Potion of Healing | 1 | |
| Staff of Preservation | 1 | |
3 total

»
KodoCrossing (
blue | 123 APM | 1692 actions | 13:48)
3 Archmage
2 Summon Water Elemental
1 Blizzard
1 Mountain King
1 Storm Bolt
» actions
| Assign group hotkey | 35 | |
| Basic commands | 35 | |
| Build / train | 45 | |
| ESC pressed | 2 | |
| Enter build submenu | 28 | |
| Enter hero's abilities submenu | 6 | |
| Give item / drop item | 1 | |
| Right click | 810 | |
| Select / deselect | 350 | |
| Select group hotkey | 342 | |
| Use ability | 38 | |
1692 total
» units
| Peasant | 8 | |
| Footman | 6 | |
| Spell Breaker | 1 | |
| Sorceress | 2 | |
| Priest | 2 | |
19 total
» upgrades
| Lumber Harvesting | 1 | |
| Sorceress Training | 1 | |
| Swords | 2 | |
| Magic Sentry | 1 | |
| Priest Training | 1 | |
| Plating | 1 | |
7 total
» buildings
| Altar of Kings | 1 | |
| Farm | 6 | |
| Lumber Mill | 1 | |
| Barracks | 1 | |
| Scout Tower | 10 | |
| Guard Tower | 6 | |
| Arcane Tower | 3 | |
| Keep | 1 | |
| Blacksmith | 1 | |
| Arcane Sanctum | 2 | |
| Arcane Vault | 1 | |
33 total
» build order
00:04 Altar of Kings
00:11 Farm
00:38 Lumber Mill
01:56 Barracks
01:59 Farm
02:05 Scout Tower
02:12 Scout Tower
02:34 Guard Tower
02:41 Scout Tower
02:43 Arcane Tower
02:46 Scout Tower
03:03 Scout Tower
03:08 Guard Tower
03:08 Guard Tower
03:33 Guard Tower
03:35 Scout Tower
03:58 Arcane Tower
04:00 Scout Tower
05:03 Guard Tower
05:08 Scout Tower
05:13 Keep
05:41 Guard Tower
05:43 Scout Tower
05:59 Farm
06:23 Arcane Tower
07:20 Blacksmith
07:55 Arcane Sanctum
08:01 Arcane Sanctum
08:06 Farm
08:13 Arcane Vault
09:27 Farm
09:29 Farm
11:07 Scout Tower
Chat log
(00:10 / All) J0IN-CLAN-S4S: i forsee lots of arrogance in this game
(00:16 / All) MinAedelige: This game has been siezed by level 1s
(00:17 / All) SETTLERS_3: Agreed.
(00:17 / All) SETTLERS_3: lol
(00:19 / All) MinAedelige: Leave, high level infidels
(00:29 / All) SETTLERS_3: Don't worry, we're actually here to play.
(00:31 / All) SETTLERS_3: WE PLAY FOR FUN OK
(00:32 / All) KodoCrossing: implying there isn't always
(00:37 / All) RoyaleWithCheez: Depends on the forum eh
(00:39 / All) MinAedelige: implying on wc3
(00:42 / All) MinAedelige: this isn't 4chan
(00:43 / Allies) KodoCrossing: I'M TOWERING
(00:43 / All) J0IN-CLAN-S4S: ghetto's?
(00:47 / All) RoyaleWithCheez: lol ya
(00:48 / All) SETTLERS_3: god dammit
(00:48 / All) SETTLERS_3: lol
(00:52 / All) RoyaleWithCheez: whos dis?
(00:55 / All) SETTLERS_3: <-- ghetto
(01:00 / All) RoyaleWithCheez: <-pie
(01:03 / All) RoyaleWithCheez: rofl
(01:04 / All) KodoCrossing: LOL
(01:08 / All) MinAedelige: He did? What a faggot
(01:10 / All) SETTLERS_3: Oh god dammit flamechamp
(01:15 / All) J0IN-CLAN-S4S: sim city?
(01:24 / All) SETTLERS_3: eh
(01:26 / All) SETTLERS_3: we're just playing
(01:27 / All) KodoCrossing: flamechamp
(01:29 / All) SETTLERS_3: there's not enough resources on this map
(01:31 / All) KodoCrossing: why have you not uninstalled yet
(01:32 / All) SETTLERS_3: to do Sim City
(01:33 / All) RoyaleWithCheez: I coulld try but I'm elf
(01:38 / All) SETTLERS_3: and yeah
(01:40 / All) MinAedelige: Why would he
(01:40 / All) SETTLERS_3: I didn't ban you
(02:00 / All) RoyaleWithCheez: Yeah bruh
(02:01 / All) J0IN-CLAN-S4S: im sorry ghetto im just a sensitive guy
(02:02 / All) RoyaleWithCheez: You got made an mvp
(02:03 / All) J0IN-CLAN-S4S: i like my jrpgs
(02:12 / All) J0IN-CLAN-S4S: ff7 best rpg ever
(02:18 / All) SETTLERS_3: yeah well, you're wrong
(02:19 / All) SETTLERS_3: so
(02:20 / All) SETTLERS_3: hf <3
(02:23 / All) MinAedelige: ff7 is shit
(02:26 / All) RoyaleWithCheez: Blizz forum have good ideas, some got incorporated here
(02:28 / All) J0IN-CLAN-S4S: i got dark souls tho, u should like that
(02:42 / All) SETTLERS_3: Yeah, I have it, I just haven't gotten into it yet
(02:57 / All) J0IN-CLAN-S4S: is truhan in this game i like him
(03:06 / All) SETTLERS_3: neg
(03:09 / All) SETTLERS_3: it's me, kruin, and pies
(03:12 / All) MinAedelige: and Rod
(03:18 / All) RoyaleWithCheez: He doesn't play this game much from what I know
(03:24 / All) SETTLERS_3: <3
(03:27 / All) MinAedelige: Hello sir
(03:28 / All) SETTLERS_3: jesus lol
(03:30 / All) RoyaleWithCheez: I think I played with him once
(03:33 / All) SETTLERS_3: figures all of us would get into the same game
(03:42 / All) MinAedelige: Now I feel pressured not to play like shit
(03:44 / All) MinAedelige: I'm inconsistent
(03:50 / All) J0IN-CLAN-S4S: pies, i like him, he had my back in that game on market square where somebody tried to demo my base
(04:02 / All) RoyaleWithCheez: Oh
(04:04 / All) RoyaleWithCheez: Twice then
(04:08 / All) J0IN-CLAN-S4S: i am the mayor
(04:22 / All) SETTLERS_3: gtfo green
(04:25 / All) RoyaleWithCheez: Assuming I was in the game you were talking about
(04:34 / All) RoyaleWithCheez: Where we tried to sim city
(04:38 / All) RoyaleWithCheez: might be thinking of another time
(04:44 / All) J0IN-CLAN-S4S: thats the game wher eu attacked our "ally" and then realized it 2 hours in
(04:51 / All) RoyaleWithCheez: rofl
(04:52 / All) SETTLERS_3: hahaha
(04:52 / All) RoyaleWithCheez: yep that one
(04:58 / All) KodoCrossing: uninstall please
(05:04 / All) MinAedelige: I like the game where I got away with bsing and said that the enemy mher had control hack
(05:11 / All) SETTLERS_3: how did he actually not stop the tower rush
(05:13 / All) SETTLERS_3: oh ffs
(05:21 / All) SETTLERS_3: brt.
(05:32 / Allies) RoyaleWithCheez: wats hapepning/
(05:46 / Allies) RoyaleWithCheez: oh
(05:46 / Allies) RoyaleWithCheez: that
(05:47 / Allies) RoyaleWithCheez: lol
(05:57 / All) J0IN-CLAN-S4S: how do i know when u guys are searching ir eally hate aim
(06:03 / All) SETTLERS_3: uh
(06:09 / All) SETTLERS_3: we were in IRC
(06:17 / All) RoyaleWithCheez: Let's play games forum looool
(06:17 / All) RoyaleWithCheez: i mean
(06:18 / All) RoyaleWithCheez: that
(08:16 / All) J0IN-CLAN-S4S: i dont even want to hurt u pies
(08:16 / All) RoyaleWithCheez: Shit
(08:17 / All) SETTLERS_3: how could anyone play this game for 10 years
(08:19 / All) SETTLERS_3: and still be that bad
(08:19 / All) RoyaleWithCheez: Now w'ere gonna lose
(08:31 / All) RoyaleWithCheez: Somehow
(08:35 / All) KodoCrossing: my pro micro
(08:36 / All) MinAedelige: There are a lot of clueless players
(08:36 / All) RoyaleWithCheez: Those peasnats are gonna be microd now
(08:37 / All) KodoCrossing: threw him off
(08:44 / All) RoyaleWithCheez: and kill me dh with a surround
(08:49 / All) RoyaleWithCheez: AND HEX
(08:55 / All) J0IN-CLAN-S4S: lolz
(08:56 / All) RoyaleWithCheez: or not
(09:17 / Allies) KodoCrossing: so their orc has weyverns
(09:26 / Allies) RoyaleWithCheez: real
(09:28 / Allies) RoyaleWithCheez: shiiiiiyet
(09:32 / All) J0IN-CLAN-S4S: i really do think the n64 gave u bang for ur buck, zelda ocarina of time and majora's mask are like godly rpg's
(09:44 / All) SETTLERS_3: there is not a single game outside of mario 64 for that system
(09:50 / All) SETTLERS_3: a "big-name title"
(09:54 / All) SETTLERS_3: which is actually a great game
(09:57 / All) RoyaleWithCheez: I think the n64 exclusive game I played the most
(10:01 / All) RoyaleWithCheez: was conker's bad fur day
(10:08 / All) J0IN-CLAN-S4S: didnt their games used to be like 80 bucks
(10:11 / All) SETTLERS_3: yes
(10:14 / All) MinAedelige: some snes games were more than that
(10:18 / All) SETTLERS_3: that too
(10:19 / All) J0IN-CLAN-S4S: i remember i got that shitty mortorcyle gme
(10:21 / All) RoyaleWithCheez: (i liked conker for the record"
(10:21 / All) J0IN-CLAN-S4S: zero x
(10:30 / All) RoyaleWithCheez: Didn't finish it though
(10:31 / All) SETTLERS_3: are you referring to f-zero x
(10:36 / All) J0IN-CLAN-S4S: yes
(10:48 / All) KodoCrossing: btw mike
(10:53 / All) SETTLERS_3: your MVP status has been extended for 6 hours
(10:54 / All) KodoCrossing: tower rush will always be good
(10:54 / All) SETTLERS_3: for saying that
(11:03 / All) J0IN-CLAN-S4S: i never said i like dit
(11:07 / All) J0IN-CLAN-S4S: my papa got it
(11:15 / Allies) KodoCrossing: ok
(11:17 / Allies) KodoCrossing: i need to creep now
(11:27 / All) SETTLERS_3: let's talk after this
(11:28 / Allies) RoyaleWithCheez: I probably need to xpand
(11:30 / All) SETTLERS_3: i have e-sports to win
(11:37 / All) MinAedelige: do you have MSN?
(11:44 / All) SETTLERS_3: I do, but I don't use it ever.
(11:47 / All) SETTLERS_3: I forgot my name, too
(11:53 / All) J0IN-CLAN-S4S: mike lowell is ur name
(11:58 / All) RoyaleWithCheez: lol
(11:59 / All) MinAedelige: We all mostly use MSN to talk
(12:03 / All) MinAedelige: Turncoat, Flamechamp and I
(12:08 / All) MinAedelige: we organise our stabs with it
(12:16 / All) J0IN-CLAN-S4S: they wont like turncoat
(12:17 / All) SETTLERS_3: fair enough
(12:19 / All) J0IN-CLAN-S4S: trus tme
(12:24 / All) SETTLERS_3: I don't play to stab
(12:26 / All) SETTLERS_3: I always found that boring
(12:35 / All) RoyaleWithCheez: i use googlechat but apparently aim works with it so that's how I talk to forumites outside of forum/irc
(12:37 / All) MinAedelige: Some of the rage is hilarious
(12:44 / All) J0IN-CLAN-S4S: i have too recently, ive been dominating with mass kodo beasts
(12:52 / All) MinAedelige: I've been going CL first lately when I play Ud
(12:55 / All) MinAedelige: and invisiharassing with it
(12:58 / All) RoyaleWithCheez: mass kodo strats are fun
(13:03 / All) MinAedelige: It's not as good as blood mage invisiharass
(13:05 / All) MinAedelige: but is more fun imo
(13:13 / All) MinAedelige: you can summon beetles in their base
(13:15 / All) MinAedelige: deny expos
(13:21 / All) SETTLERS_3: alright
(13:23 / All) SETTLERS_3: new names
(13:24 / All) SETTLERS_3: channel forum
(13:30 / All) RoyaleWithCheez: oh
(13:32 / All) RoyaleWithCheez: It's over?
(13:33 / All) J0IN-CLAN-S4S: us?
(13:40 / All) KodoCrossing: why are we restarting?
(13:42 / All) RoyaleWithCheez: WEll I guess
(13:45 / All) RoyaleWithCheez: Because
(13:47 / All) RoyaleWithCheez: Ghetto got killed